 Dungeon Crawl Stone Soup version 0.21-a0-321-g91e3373 (webtiles) character file.

350 vishdafish the Grave Robber (level 6, -5/41 HPs)
             Began as a Demonspawn Necromancer on Sept 30, 2017.
             Slain by tidbits's ghost (11 damage)
             ... in an ossuary.
             The game lasted 00:12:10 (6642 turns).

vishdafish the Grave Robber (DsNe)                  Turns: 6642, Time: 00:12:11

Health: -5/41      AC:  6    Str: 13    XL:     6   Next: 33%
Magic:  9/9        EV: 14    Int: 18    God:
Gold:   96         SH:  0    Dex: 14    Spells: 8/9 levels left

rFire    . . .     SeeInvis .   t - +0 halberd
rCold    . . .     Gourm    .   (shield currently unavailable)
rNeg     . . .     Faith    .   a - +0 robe
rPois    .         Spirit   .   q - +2 hat
rElec    .         Reflect  .   y - scarf {cloud immunity}
rCorr    .         Harm     .   (no gloves)
MR       .....                  (no boots)
Stlth    ++........             (no amulet)
HPRegen  0.13/turn              (no ring)
MPRegen  0.11/turn              (no ring)

@: mighty, about to teleport, slowed, very slow
A: horns 1, thin metallic scales 1
a: no special abilities


You were in an ossuary.
You were not hungry.

You visited 1 branch of the dungeon, and saw 5 of its levels.
You also visited: Ossuary.

You collected 96 gold pieces.

Inventory:

Hand Weapons
 i - a +0 short sword
 t - a +0 halberd (weapon)
 C - a +0 trident
Armour
 a - a +0 robe (worn)
 h - a +2 buckler
 q - a +2 hat (worn)
 x - a +0 shield
 y - a scarf of cloud immunity (worn)
Scrolls
 c - 5 scrolls of identify
 f - 2 scrolls of magic mapping {unknown}
 g - a scroll of blinking {unknown}
 j - 2 scrolls of immolation {unknown}
 l - a scroll of remove curse {unknown}
 n - a scroll of enchant armour {unknown}
 o - a scroll of fog {unknown}
 s - a scroll of teleportation
 v - a scroll of amnesia {unknown}
 z - a scroll of random uselessness {unknown}
Potions
 d - a potion of curing
 k - a potion of ambrosia {unknown}
 m - a potion of berserk rage {unknown}
 p - a potion of brilliance {unknown}
 w - a potion of mutation {unknown}
 B - a potion of heal wounds {unknown}
Books
 b - a book of Necromancy

   Spells                             Type                      Level
   a - Pain                           Necromancy                   1
   b - Animate Skeleton               Necromancy                   1
   c - Vampiric Draining              Necromancy                   3
   d - Regeneration                   Charms/Necromancy            3
   e - Animate Dead                   Necromancy                   4
   f - Control Undead                 Necromancy                   4
Comestibles
 u - 4 fruits
 A - 3 bread rations


   Skills:
 * Level 3.4 Polearms
 - Level 1.4 Armour
 - Level 4.0 Dodging
 - Level 1.7 Stealth
 - Level 2.2 Spellcasting
 - Level 5.0 Necromancy


You had 8 spell levels left.
You knew the following spells:

 Your Spells              Type           Power        Failure   Level  Hunger
a - Pain                  Necr           ###.         2%          1    #......


Dungeon Overview and Level Annotations

Branches:
Dungeon (5/15)
 Temple: D:4-7

Altars:

Annotations:
D:4 namelastname112's ghost, amateur FeWn Ossuary tidbits's ghost, novice GnSk


Innate Abilities, Weirdness & Mutations

You have a pair of small horns on your head.
You are partially covered in thin metallic scales. (AC +2)


Message History

As you read the scroll labeled ITZYWA QADGHESTA, it crumbles to dust.
It is a scroll of identify.
e - a potion of might
Okay, then.
As you read the scroll of identify, it crumbles to dust.
s - 2 scrolls of teleportation You feel very mighty all of a sudden.
You closely miss the wraith. The wraith hits you.
The wraith drains your vigour!
You feel yourself slow down. The wraith closely misses you.
Tidbits's ghost (novice Gnoll Skald) comes into view.
You closely miss the wraith. The wraith misses you. The wraith hits you.
You barely miss the wraith.
Tidbits's ghost mumbles some strange words.
Tidbits's ghost's wounds begin to heal before your eyes!
The wraith hits you! The wraith hits you. Tidbits's ghost hits you!
* * * LOW HITPOINT WARNING * * *
As you read the scroll of teleportation, it crumbles to dust.
You feel strangely unstable. Tidbits's ghost hits you!
You die...

.!? ?.? ... #'##
.. ... .
...#####'#####..
.......WW.......
........@.......
######'''######
####...#
#..'...+
#..#...#
####...# #...#
#...# #...#


You could see a wraith and tidbits's ghost.

Vanquished Creatures
  A crimson imp (D:5)
  An orc wizard (D:5)
  A mummy (Ossuary)
  7 gnolls
  9 adders
  3 worms
  4 dart slugs
  5 orcs
  7 ball pythons (D:2)
  5 giant cockroaches
  6 goblins
  16 hobgoblins
  9 kobolds
  4 quokkas
  7 bats
  6 frilled lizards
  2 gnoll skeletons (Ossuary)
  2 kobold skeletons (Ossuary)
  5 orc skeletons (Ossuary)
  9 rats
109 creatures vanquished.

Notes
Turn   | Place    | Note
-------+----------+-------------------------------------------
     0 | D:1      | vishdafish the Demonspawn Necromancer began the quest for the Orb.
     0 | D:1      | Reached XP level 1. HP: 13/13 MP: 3/3
   371 | D:1      | Gained mutation: You have a pair of small horns on your head. [demonic ancestry]
   371 | D:1      | Reached XP level 2. HP: 5/19 MP: 0/5
   885 | D:1      | Reached skill level 5 in Necromancy
  1204 | D:1      | Gained mutation: You are partially covered in thin metallic scales. (AC +2) [demonic ancestry]
  1204 | D:1      | Reached XP level 3. HP: 17/24 MP: 1/6
  3107 | D:2      | Reached XP level 4. HP: 7/30 MP: 2/7
  4351 | D:3      | Reached skill level 1 in Armour
  4351 | D:3      | Reached XP level 5. HP: 16/35 MP: 0/8
  4763 | D:3      | Reached skill level 1 in Polearms
  5736 | D:4      | Noticed namelastname112's ghost (amateur FeWn)
  5736 | D:4      | Reached XP level 6. HP: 35/41 MP: 6/9
  5756 | D:5      | Entered Level 5 of the Dungeon
  5918 | D:5      | Found a sand-covered staircase.
  5940 | Ossuary  | Entered an ossuary
  5940 | Ossuary  | Noticed a wraith
  5940 | Ossuary  | Noticed a wraith
  5940 | Ossuary  | Noticed a wraith
  6632 | Ossuary  | Noticed a wraith
  6640 | Ossuary  | Noticed tidbits's ghost (novice GnSk)
  6642 | Ossuary  | Slain by tidbits's ghost

Vault maps used:
D:1:      saegor_arrival_under_anarchy, serial_bayou, serial_bayou_pond_c,
          serial_bayou_crossing, serial_bayou_shore_a, serial_bayou_lake_a,
          minmay_tripent
D:2:      minmay_misc_feat_x, minmay_snake_closets
D:3:      first_bread
D:4:      temple_doors_e, kennysheep_generic_room_10
D:5:      lightli_ossuary_entry_decrepit_ruins, lemuel_angel_altar
Ossuary:  ossuary_due_mausoleum

Skill      XL: |  1  2  3  4  5  6 |
---------------+-------------------+-----
Necromancy     | 5 |  5.0
Dodging        | 2 3 4 |  4.0
Armour         | 1 |  1.4
Polearms       | 2 3 |  3.4
Stealth        | |  1.7
Spellcasting   | |  2.2

Action                   |  1- 3 |  4- 6 || total
-------------------------+-------+-------++-------
Melee: Unarmed           |    16 |       ||    16
       Short sword       |   119 |    96 ||   215
       Headbutt          |    15 |    36 ||    51
       Halberd           |       |    45 ||    45
       Trident           |       |   151 ||   151
 Cast: Pain              |    62 |    38 ||   100
  Use: Potion            |       |     5 ||     5
       Scroll            |       |     3 ||     3
 Stab: Sleeping          |     3 |    12 ||    15
       Distracted        |       |     1 ||     1
  Eat: Chunk             |     4 |     6 ||    10
       Bread ration      |     1 |     1 ||     2
       Royal jelly       |       |     1 ||     1
Armor: Robe              |    33 |    71 ||   104
       Skin              |       |    30 ||    30
Dodge: Dodged            |   121 |   219 ||   340

Table legend:
 A = Spawn XP
 B = Non-spawn XP
 C = Spawn XP percentage of total XP
 D = Spawn monster count
 E = Non-spawn monster count
 F = Spawn count percentage of total count
 G = Total turns spent on level
                    A         B        C        D         E        F      G
               +---------+---------+-------+---------+---------+-------+---------
         Total |       0 |     500 |   0.0 |       0 |     109 |   0.0 |  6642
               +---------+---------+-------+---------+---------+-------+---------
           D:1 |       0 |      55 |   0.0 |       0 |      27 |   0.0 |  1811
           D:2 |       0 |     132 |   0.0 |       0 |      39 |   0.0 |  2581
           D:3 |       0 |     165 |   0.0 |       0 |      27 |   0.0 |  1279
           D:4 |       0 |      33 |   0.0 |       0 |       4 |   0.0 |    85
           D:5 |       0 |      88 |   0.0 |       0 |       2 |   0.0 |   184
       Ossuary |       0 |      27 |   0.0 |       0 |      10 |   0.0 |   702
               +---------+---------+-------+---------+---------+-------+---------
